[Event "Julius Baer Generation Cup Prelims 2022"]
[Site "Online"]
[Date "2022.09.14"]
[Round "12.2"]
[White "Praggnanandhaa R"]
[Black "Niemann, Hans Moke"]
[Result "1/2-1/2"]
[ECO "E48"]
[WhiteElo "2676"]
[BlackElo "2688"]
[Annotator "TA"]
[PlyCount "86"]
[EventDate "2022.09.12"]
[EventType "tourn"]
[EventCountry "NET"]
[SourceTitle "playchess.com"]
[Source "ChessBase"]
[SourceQuality "1"]
[TimeControl "900+10"]

1. d4 Nf6 2. c4 e6 3. Nc3 Bb4 4. e3 O-O 5. Bd3 d5 6. cxd5 exd5 7. Nge2 b6 8. O-O Bb7 {[%emt 0:00:09] CPLX 2.4 18 (Bb4-d6) (=18)} 9. Bd2 {[%emt 0:00:18] MISS-a2-a3 18 (a2-a3) (=18). E48: Nimzo-Indian: Rubinstein: 5 Bd3 d5 including 6 Ne2, but excluding 6 a3.} Bd6 {[%emt 0:00:39] BESTDEEP} 10. Rc1 {[%emt 0:02:14] CPLX 2.4 2 (Ne2-f4) (=10)} c5 {[%emt 0:00:13] BESTDEEP} 11. dxc5 {[%emt 0:01:44] CPLX 2.7 1 (Ne2-g3) (=7)} bxc5 {[%emt 0:00:02] [#] RECAPT} 12. Ng3 $146 {[%emt 0:00:33] CPLX 2.7 21 (Nc3-b5) (=11)} ({Predecessor:} 12. Na4 Nbd7 13. Ng3 g6 14. Bc3 Rc8 15. Qe2 Re8 16. Ba6 Bxa6 17. Qxa6 Re6 18. Qd3 {1-0 (69) Kuthan,A (2207)-Wegerle,J (2446) Austria 2014}) 12... Nbd7 {[%emt 0:00:07][%cal Bb8d7,Bd7e5,Be5d3][%mdl 32] CPLX 2.6 22 (Rf8-e8) (=8)} 13. Nce2 {[%emt 0:01:03] RELBLUND 54 (Ng3-f5) (=19)} (13. Nf5 $11 Qb8 14. h3 (14. Nxd6 Qxd6 15. b4 c4 $11)) 13... Ne5 {[%emt 0:00:21] CPLX 2.6 11 (g7-g6) (=9)} 14. Bc3 {[%emt 0:00:07] CPLX 2.9 0 (Bd3-c2) (=16)} Nxd3 {[%emt 0:00:49] CPLX 3.0} 15. Qxd3 {[%emt 0:00:03] RECAPT} g6 {[%emt 0:00:04] Against Nf5. CPLX 2.9 22 (Rf8-e8) (=9)} 16. b3 {[%emt 0:00:45] RELBLUND 53 (Rf1-d1) (=19)} (16. Rfd1 $11) 16... h5 {[%emt 0:00:08][%cal Bh7h5,Bh5h4][%mdl 32] CPLX 3.5 26 (Rf8-e8) (=11)} 17. Nf4 {[%emt 0:02:30] CPLX 3.6 27 (f2-f4) (=20)} Bxf4 {[%emt 0:03:04] BESTDEEP} 18. exf4 {[%emt 0:00:07] RECAPT} d4 {[%emt 0:00:12] CPLX 3.3 25 (h5-h4) (=11)} 19. Bb2 {[%emt 0:00:23][%cal Bc3b2,Bb2a3,Ba3c5][%mdl 32] CPLX 2.9 35 (Bc3-d2) (=19)} h4 {[%emt 0:00:17] CPLX 2.7 30 (Qd8-d6) (=13)} 20. Ne2 {[%emt 0:00:21] MISS-Rc1xc5 87 (Rc1xc5) (=25)} ({White should play} 20. Rxc5 $15 hxg3 21. hxg3) 20... Qd5 {[%emt 0:00:03][%csl Gb7][%cal Rd5g2] CPLX 2.7 24 (Qd8-a5) (=14)} 21. f3 {[%emt 0:00:52][%cal Ob3b4] EASY} Rfe8 {[%emt 0:00:02][%cal Oh4h3] CPLX 2.5} 22. Rf2 {[%emt 0:00:53] CPLX 2.7 101 (f4-f5) (=29)} (22. f5 $17 {was called for.}) 22... a5 $19 {[%emt 0:01:40] CPLX 2.7} 23. Qd2 {[%emt 0:01:22] CPLX 2.6 0 (Qd3-c2) (=27)} Ba6 $1 {[%emt 0:00:18] CPLX 2.6} 24. Ba3 {[%emt 0:00:08] CPLX 2.9 1 (h2-h3) (=25)} Rac8 {[%emt 0:00:09] CPLX 3.0} 25. h3 {[%emt 0:00:29] CPLX 2.9 22 (Kg1-h1) (=25)} Nh5 {[%emt 0:01:16] CPLX 2.9 129 (Qd5-f5) (=17)} (25... Qf5 $19 {is more deadly. Threatens to win with ...Nh5.} 26. Kh2 Re3) 26. Nc3 $17 {[%emt 0:00:06] [#] CPLX 3.3=>BLUNDERREACT} Qf5 {[%emt 0:00:36] CPLX 3.6 51 (Qd5-d8) (=19)} (26... Qd8 $1 $17 27. Ne4 Ng3) 27. Ne4 $11 {[%emt 0:00:02] EASY} Nxf4 {[%emt 0:00:02] CPLX 3.6} ({Resist} 27... Qxf4 28. Qxf4 (28. Qxa5 Bb7 $17) (28. Rxc5 Qxd2 29. Rxd2 Rxc5 $17) (28. Nxc5 Qxd2 29. Rxd2 Ng3 $15) 28... Nxf4 29. Nf6+ Kg7 30. Nxe8+ Rxe8 31. Bxc5 $16 (31. Rxc5 Nd3 $16)) 28. Rxc5 {[%emt 0:00:53] RELBLUND 65 (Ba3xc5) (=24)} (28. Bxc5 $11 {keeps the balance.} Nd3 29. Nd6) 28... Rxc5 $17 {[%emt 0:00:03] RECAPT} 29. Bxc5 {[%emt 0:00:01] RECAPT} d3 {[%emt 0:00:23] aiming for ...Bb7. BESTDEEP} (29... Nd3 $2 30. Bxd4 Rxe4 31. fxe4 $18) 30. Qxa5 {[%emt 0:02:10] MISSDEEP-Qd2-e3 139 (Qd2-e3) (=28)} (30. Qe3 $17 Bb5 31. Bd4 Ne2+ 32. Kh2 Nxd4 33. Qxd4 Qe5+ 34. Qxe5 Rxe5 35. Rb2) 30... Ne2+ $19 {[%emt 0:04:37] CPLX 3.6=>BLUNDERREACT} 31. Kh1 $2 {[%emt 0:00:02] MISSDEEP-Rf2xe2 221 (Rf2xe2) (=37)} (31. Rxe2 dxe2 32. Bb4) 31... Qe5 {[%emt 0:00:52] CPLX 3.9 239 (Ne2-g3) (=25)} 32. Rf1 $2 {[%emt 0:01:21] MISSDEEP-Bc5-b4 181 (Bc5-b4) (=43)} (32. Bb4 {was the only chance.} Qa1+ 33. Be1) 32... Bb7 {[%emt 0:00:41] EASY} 33. Rd1 {[%emt 0:00:06] CPLX 3.9 158 (Bc5-b4) (=47)} Bxe4 {[%emt 0:00:11] EASY} 34. fxe4 {[%emt 0:00:02] RECAPT} Nc3 $2 {[%emt 0:00:28] RELBLUND 400 (Ne2-g3) (=37)} (34... Ng3+ $19 35. Kg1 Qh5) 35. Rxd3 $15 {[%emt 0:00:40] EASY} Nxe4 {[%emt 0:00:02] EASY} 36. Rd8 {[%emt 0:00:18] EASY} Ng3+ {[%emt 0:00:14][%mdl 1024] Black has compensation. MISSDEEP-Ne4-f2 45 (Ne4-f2) (=36)} (36... Nf2+ $5 37. Bxf2 (37. Kg1 $2 Nxh3+ 38. Kh1 Nf2+ 39. Bxf2 Qxa5 $19) 37... Qxa5 38. Rxe8+ Kg7 39. Bd4+ f6 $15) 37. Kh2 {[%emt 0:00:04][%cal Oc5d4] Bd4! is the strong threat. EASY. The position is equal.} Ne2+ {[%emt 0:00:02] CPLX 4.1} 38. Kh1 {[%emt 0:00:02][%cal Oc5d4] EASY} Ng3+ {[%emt 0:00:22] CPLX 4.2} 39. Kh2 {[%emt 0:00:03][%cal Oc5d4] EASY} Ne4+ {[%emt 0:00:55] CPLX 4.1 0 (Ng3-e2) (=33)} 40. Kg1 {[%emt 0:00:26][%cal Oc5d4] Strongly threatening Bd4! CPLX 3.8} Qa1+ {[%emt 0:00:09] EASY} 41. Kh2 {[%emt 0:00:02] EASY} Qe5+ {[%emt 0:00:01] EASY} 42. Kg1 {[%emt 0:00:12][%cal Oc5d4] And now Bd4! would win. CPLX 3.8} Qa1+ {[%emt 0:00:10] EASY} 43. Kh2 {[%emt 0:00:02] EASY} Qe5+ {[%emt 0:00:01] White happily takes the draw.  Weighted Error Value: White=0.46/Black=0.41} 1/2-1/2

[Event "Julius Baer Generation Cup Prelims 2022"]
[Site "Online"]
[Date "2022.09.14"]
[Round "12.4"]
[White "Ivanchuk, Vasyl"]
[Black "Le, Quang Liem"]
[Result "0-1"]
[ECO "E51"]
[WhiteElo "2678"]
[BlackElo "2728"]
[Annotator "TA"]
[PlyCount "70"]
[EventDate "2022.09.12"]
[EventType "tourn"]
[EventCountry "NET"]
[SourceTitle "playchess.com"]
[Source "ChessBase"]
[SourceQuality "1"]
[TimeControl "900+10"]

1. d4 Nf6 2. c4 e6 3. Nc3 d5 4. Nf3 Bb4 5. e3 O-O 6. a3 Bxc3+ 7. bxc3 c5 8. Bb2 {[%emt 0:00:01] CPLX 2.4 3 (Bf1-e2) (=3)} Nc6 {[%emt 0:00:41] CPLX 2.4. E51: Nimzo-Indian: Rubinstein: 4...0-0 5 Nf3 d5.} 9. Be2 {[%emt 0:00:02] [#] CPLX 2.4 9 (Bf1-d3) (=6)} cxd4 $146 {[%emt 0:01:12] CPLX 2.4 19 (Nc6-a5) (=10)} ({Predecessor:} 9... Na5 10. cxd5 exd5 11. Nd2 c4 12. Qb1 Re8 13. O-O Ne4 14. Nxe4 Bf5 15. f3 dxe4 16. Bd1 {½-½ (38) Portisch,L (2599)-Aleksandrov,A (2654) Kallithea 2002}) 10. cxd4 {[%emt 0:00:05] RECAPT} Qa5+ {[%emt 0:00:02] CPLX 2.4 2 (b7-b6) (=7). The position is equal.} 11. Nd2 {[%emt 0:08:29] BESTDEEP} Ne4 {[%emt 0:01:05] CPLX 2.7} 12. cxd5 {[%emt 0:01:32] CPLX 3.6 12 (Ra1-c1) (=5)} exd5 {[%emt 0:00:00] RECAPT} 13. f3 {[%emt 0:00:02] CPLX 3.5 20 (Ra1-c1) (=7)} Nc3 {[%emt 0:00:26] Pair of Knights! CPLX 3.6 20 (Ne4-d6) (=7)} 14. Qb3 {[%emt 0:00:01] CPLX 2.8 25 (Bb2xc3) (=10)} (14. Bxc3 $5 Qxc3 15. Kf2 $11) 14... Nxe2 {[%emt 0:00:06] EASY} 15. Kxe2 {[%emt 0:00:01] RECAPT} Be6 {[%emt 0:00:26] CPLX 4.0 20 (Rf8-d8) (=8)} 16. Bc3 {[%emt 0:01:33] CPLX 4.0 21 (Rh1-c1) (=10)} ({Not} 16. Qxb7 $2 Rab8 17. Qxc6 Rxb2 $19) 16... Qa6+ {[%emt 0:00:12] CPLX 3.4 33 (Qa5-c7) (=10)} 17. Kf2 {[%emt 0:00:03] EASY} Rfc8 {[%emt 0:00:00] CPLX 2.8 4 (Rf8-e8) (=10)} 18. Rhc1 {[%emt 0:00:25] CPLX 2.8} Rc7 {[%emt 0:00:16] BESTDEEP} 19. Bb4 {[%emt 0:02:20] CPLX 2.8 37 (Qb3-b2) (=11)} Rac8 {[%emt 0:00:24][%cal Oc6d4] DEEPSTRONG} 20. Qb2 {[%emt 0:00:30] CPLX 3.1} Nxb4 {[%emt 0:03:05] CPLX 3.0 9 (Qa6-b6) (=8)} (20... Qb6 $5 ) 21. axb4 {[%emt 0:00:04] RECAPT} Qd3 {[%emt 0:00:16] [#] White must now prevent ...Rc2. CPLX 3.3 25 (Rc7xc1) (=9)} 22. Rxc7 {[%emt 0:01:06] CPLX 3.7 30 (Rc1-c5) (=10)} Rxc7 {[%emt 0:00:00] RECAPT} 23. Rc1 {[%emt 0:00:01] Inhibits Rc2. CPLX 3.1 8 (Ra1-a2) (=10)} Rxc1 {[%emt 0:00:04] CPLX 3.5} 24. Qxc1 $15 {[%emt 0:00:01][%mdl 4096] Endgame KQB-KQN. RECAPT} h6 {[%emt 0:00:05] CPLX 2.6 0 (b7-b6) (=8)} 25. Qb2 {[%emt 0:00:50] CPLX 2.6 20 (Nd2-f1) (=10)} Bd7 {[%emt 0:00:38] CPLX 2.6} 26. Nf1 {[%emt 0:01:03] CPLX 2.5 16 (f3-f4) (=11)} Bb5 {[%emt 0:00:17] Black has more active pieces. CPLX 2.4} 27. Ng3 {[%emt 0:00:01] EASY} Bc4 {[%emt 0:00:08] CPLX 2.7} 28. h4 {[%emt 0:00:51] CPLX 2.7 27 (e3-e4) (=11)} b6 {[%emt 0:00:03] CPLX 2.7} 29. h5 {[%emt 0:00:03] CPLX 2.7 6 (e3-e4) (=11)} Kh7 {[%emt 0:00:42] CPLX 2.8} 30. e4 $2 {[%emt 0:00:20][%mdl 8192] [#] This costs White the game. RELBLUND 331 (Qb2-e2) (=25)} (30. Qe2 $17) 30... a5 $1 $19 {[%emt 0:00:45] Threatens to win with ...a4. DEEPSTRONG=>BLUNDERREACT} 31. bxa5 {[%emt 0:00:02] CPLX 3.4 0 (e4xd5) (=24)} bxa5 {[%emt 0:00:00] Hoping for ...a4. RECAPT} 32. Nf5 {[%emt 0:00:15] CPLX 3.2 0 (Ng3-e2) (=23)} a4 {[%emt 0:01:06] Strongly threatening ...a3. BESTDEEP} ({Wrong is} 32... dxe4 $2 33. d5 f6 34. Ne3 Bxd5 35. Nxd5 Qxd5 36. Qc3 $19) 33. Qb4 {[%emt 0:00:32] CPLX 3.9 400 (Kf2-g1) (=37)} (33. Kg1 $142 Qb3 34. Qf2 Qb1+ 35. Kh2 Qb8+ 36. e5) 33... dxe4 {[%emt 0:00:18] CPLX 3.9=>BLUNDERREACT. Black is clearly winning.} 34. Qxa4 {[%emt 0:00:14] RELBLUND 400 (Nf5-e3) (=51)} exf3 {[%emt 0:00:34] CPLX 3.9} 35. gxf3 {[%emt 0:00:21] RECAPT} Bb5 {[%emt 0:00:54] Weighted Error Value: White=0.76/Black=0.06 (flawless)} (35... Qf1+ $142 36. Kg3 Bd5) 0-1

[Event "Julius Baer Generation Cup Prelims 2022"]
[Site "Online"]
[Date "2022.09.14"]
[Round "12.5"]
[White "Duda, Jan-Krzysztof"]
[Black "Adhiban, B.."]
[Result "1-0"]
[ECO "A80"]
[WhiteElo "2731"]
[BlackElo "2603"]
[Annotator "TA"]
[PlyCount "95"]
[EventDate "2022.09.12"]
[EventType "tourn"]
[EventCountry "NET"]
[SourceTitle "playchess.com"]
[Source "ChessBase"]
[SourceQuality "1"]
[TimeControl "900+10"]

1. d4 f5 2. Bf4 Nf6 3. e3 g6 4. h4 h6 5. Nc3 Bg7 {[%emt 0:00:27] CPLX 2.0 29 (e7-e6) (=29)} 6. Bc4 {[%emt 0:00:09] CPLX 2.0 22 (Bf4-g3) (=22). A80: Dutch Defence: Unusual White second moves.} d6 {[%emt 0:01:31] BESTDEEP} 7. Qe2 {[%emt 0:01:03] [#] White has more active pieces. RELBLUND 55 (Qd1-f3) (=39)} (7. Qf3 $16) 7... a6 $146 {[%emt 0:02:32] CPLX 2.5 8 (Nb8-c6) (=12)} ({Predecessor:} 7... c6 8. Nf3 b5 9. Bd3 O-O 10. a3 Qe8 11. h5 Nxh5 12. Rxh5 gxh5 13. Bg3 e5 14. dxe5 dxe5 {0-1 (29) Stadtmueller,H (2126)-Minor,S (2188) Germany 2011}) 8. Nf3 {[%emt 0:00:22] CPLX 2.5. White has an edge.} b5 {[%emt 0:02:15] CPLX 2.5 11 (Nb8-c6) (=12)} 9. Bb3 {[%emt 0:00:03] CPLX 2.9} Nc6 {[%emt 0:00:01] [#] CPLX 2.5 40 (e7-e6) (=18)} 10. Ne5 $1 {[%emt 0:01:04] BESTDEEP} Nxe5 {[%emt 0:01:12] BESTDEEP} 11. dxe5 {[%emt 0:00:00] RECAPT} Ng4 {[%emt 0:00:01] CPLX 3.0 25 (Nf6-d7) (=16)} 12. Qf3 {[%emt 0:03:11] MISSDEEP-e5xd6 59 (e5xd6) (=19)} (12. exd6 $16 cxd6 13. a4) 12... Rb8 {[%emt 0:00:03] CPLX 3.9 13 (Ra8-a7) (=16)} 13. Qd5 {[%emt 0:00:01] RELBLUND 100 (e5xd6) (=30)} (13. exd6 $14 cxd6 14. O-O-O (14. Qd5 Rf8 $11)) 13... e6 {[%emt 0:00:12] CPLX 3.4 37 (Ng4xe5) (=18)} 14. exd6 {[%emt 0:00:19] DEEPSTRONG} ({Of course not} 14. Qc6+ Bd7 15. Qxa6 Nxe5 16. Bxe5 Bxe5 $17) 14... cxd6 {[%emt 0:01:04] MISSDEEP-Rb8-b6 89 (Rb8-b6) (=25)} ({Resist} 14... exd5 15. dxc7 Qxc7 16. Bxc7 $16) (14... Rb6 $11 {keeps the balance.} 15. Qc5 cxd6) 15. Qxd6 $16 {[%emt 0:00:06] RECAPT} Qxd6 {[%emt 0:00:01] RECAPT} 16. Bxd6 {[%emt 0:00:01] RECAPT} Rb6 {[%emt 0:00:04] CPLX 2.6 21 (Rb8-b7) (=23)} 17. Rd1 {[%emt 0:00:28] CPLX 2.6 11 (Bd6-c5) (=21)} Bb7 {[%emt 0:00:25] CPLX 2.6 49 (Ke8-f7) (=25)} (17... Kf7 $142) 18. O-O $36 {[%emt 0:00:51][%mdl 2048] White is really pushing. BESTDEEP} ({Don't play} 18. Bxe6 $6 Bxg2 19. Rg1 Bf3 $14) 18... Be5 {[%emt 0:00:07] CPLX 3.0 42 (Bg7xc3) (=26)} 19. Bc5 {[%emt 0:00:53] CPLX 4.0 6 (Bd6-b4) (=18)} Rc6 {[%emt 0:00:02] EASY} 20. Bd4 {[%emt 0:00:42] BESTDEEP} Ke7 {[%emt 0:00:07] CPLX 2.9 31 (Be5xd4) (=25)} 21. Rfe1 {[%emt 0:00:40] BESTDEEP} Rd8 {[%emt 0:02:47] CPLX 3.5} 22. f3 {[%emt 0:00:20] CPLX 3.6} Bxd4 {[%emt 0:00:01] BESTDEEP} 23. exd4 {[%emt 0:00:02] RECAPT} Nf6 {[%emt 0:00:02] EASY} 24. d5 {[%emt 0:00:33] CPLX 2.5 75 (a2-a4) (=17)} (24. a4 $18) 24... Rcd6 {[%emt 0:00:01][%cal Rf6d5] EASY} 25. Rxe6+ {[%emt 0:00:05] BESTDEEP} Rxe6 {[%emt 0:00:00] RECAPT} 26. dxe6 {[%emt 0:00:00] RECAPT} Rxd1+ {[%emt 0:00:02] EASY} 27. Nxd1 {[%emt 0:00:00][%mdl 4096] Endgame KBN-KBN. RECAPT} Bd5 {[%emt 0:00:02] CPLX 2.1} 28. Kf2 {[%emt 0:00:18] CPLX 2.4 0 (Nd1-c3) (=14)} Kxe6 {[%emt 0:00:04] CPLX 2.4} 29. Nc3 {[%emt 0:00:49] CPLX 2.0 0 (g2-g3) (=14)} Bxb3 {[%emt 0:00:02] CPLX 2.0} 30. axb3 {[%emt 0:00:00] KN-KN. RECAPT} Ke5 {[%emt 0:00:14] CPLX 2.0 0 (g6-g5) (=15)} 31. g3 {[%emt 0:01:36][%cal Bg2g3,Bg3g4][%mdl 32] CPLX 2.0 18 (Kf2-e3) (=13)} f4 {[%emt 0:00:30] CPLX 2.0 39 (g6-g5) (=16)} 32. g4 {[%emt 0:00:30] CPLX 2.0} g5 $2 {[%emt 0:00:01][%mdl 8192] [#] This move loses the game for Black. RELBLUND 371 (h6-h5) (=29)} (32... h5 $16 {is more resistant.}) 33. hxg5 $18 {[%emt 0:00:20] CPLX 2.0=>BLUNDERREACT} hxg5 {[%emt 0:00:00] RECAPT} 34. Ke2 {[%emt 0:00:03] BESTDEEP} Kd4 {[%emt 0:00:19] CPLX 2.0} 35. Kd2 {[%emt 0:00:14] CPLX 2.0} b4 {[%emt 0:00:02] CPLX 2.0 58 (Nf6-d7) (=28)} 36. Ne2+ {[%emt 0:00:15] CPLX 2.0} Kd5 {[%emt 0:00:04] CPLX 2.0 0 (Kd4-c5) (=27)} 37. Ng1 {[%emt 0:00:11] BESTDEEP} Kd4 {[%emt 0:01:42] CPLX 2.0 206 (Nf6-h7) (=32)} (37... Nh7 $142 38. Nh3 Kc6) 38. Nh3 {[%emt 0:00:16] CPLX 2.0. White is clearly winning.} Nh7 {[%emt 0:00:02] CPLX 2.0 0 (Nf6-d7) (=31)} 39. c3+ {[%emt 0:00:07] CPLX 2.0} Kd5 {[%emt 0:00:26] CPLX 2.0 0 (b4xc3) (=31)} 40. cxb4 {[%emt 0:01:56] BEVAL} Kd4 {[%emt 0:00:10] BEVAL} 41. Ke2 {[%emt 0:00:01] BEVAL} Ke5 {[%emt 0:00:42] BEVAL 0 (Nh7-f8) (=29)} 42. Kd3 {[%emt 0:00:00] BEVAL} Kd5 {[%emt 0:00:01] BEVAL} 43. Kc3 {[%emt 0:00:10] BEVAL} Kc6 {[%emt 0:00:01] BEVAL 400 (Nh7-f8) (=38)} 44. Kc4 {[%emt 0:00:02] BEVAL} Kb6 {[%emt 0:00:01] BEVAL 263 (Kc6-d6) (=43)} 45. Nf2 {[%emt 0:00:36] BEVAL 281 (Kc4-d4) (=16)} Nf6 {[%emt 0:00:05] BEVAL} 46. Kd4 Kb5 47. Nd3 Nd7 48. Ke4 {[%emt 0:00:06] Weighted Error Value: White=0.14 (very precise) /Black=0.42} 1-0

[Event "Julius Baer Generation Cup Prelims 2022"]
[Site "Online"]
[Date "2022.09.14"]
[Round "12.6"]
[White "Gelfand, Boris"]
[Black "Carlsen, Magnus"]
[Result "0-1"]
[ECO "D27"]
[WhiteElo "2668"]
[BlackElo "2861"]
[Annotator "TA"]
[PlyCount "62"]
[EventDate "2022.09.12"]
[EventType "tourn"]
[EventCountry "NET"]
[SourceTitle "playchess.com"]
[Source "ChessBase"]
[SourceQuality "1"]
[TimeControl "900+10"]

1. d4 d5 2. c4 c6 3. Nf3 Nf6 4. e3 e6 5. Bd3 dxc4 6. Bxc4 c5 7. O-O a6 8. b3 Nbd7 9. Bb2 Be7 {[%emt 0:00:44] BESTDEEP} 10. dxc5 {[%emt 0:00:13] D27: Queen's Gambit Accepted: Classical main line: 7 e4!? and 7 a4.} Bxc5 {[%emt 0:00:02] RECAPT} 11. Nbd2 {[%emt 0:00:01] CPLX 2.6 The old main line.} b6 {[%emt 0:00:04] BESTDEEP} 12. Nd4 {[%emt 0:04:22][%cal Oc4e6] Black must now prevent Bxe6! CPLX 2.3 24 (Qd1-e2) (=8). White has an edge.} Bb7 {[%emt 0:00:12] EASY} 13. Be2 {[%emt 0:00:01] CPLX 2.8 0 (a2-a3) (=6)} O-O {[%emt 0:00:08] CPLX 2.6} 14. Bf3 {[%emt 0:01:03] CPLX 2.6 6 (Ra1-c1) (=6)} Nd5 {[%emt 0:00:05] CPLX 2.7} 15. Rc1 {[%emt 0:00:33] [#] CPLX 2.5 0 (Nd4-e2) (=5)} Rc8 $5 $146 {[%emt 0:00:25][%mdl 8] An interesting novelty.} ({Predecessor:} 15... Qe7 16. Nc4 Rfd8 17. a3 a5 18. Nb5 Nf8 19. Qe2 Ng6 20. g3 Ba6 21. a4 Bxb5 22. axb5 Qe8 {½-½ (68) Lenderman,A (2565)-Eljanov,P (2734) Douglas 2017}) 16. a3 $1 {[%emt 0:01:05] CPLX 2.6} Be7 {[%emt 0:04:44] BESTDEEP} 17. Rxc8 {[%emt 0:00:14] CPLX 2.6} Qxc8 {[%emt 0:00:02] RECAPT} 18. Nc4 {[%emt 0:00:02][%cal Od4f5] CPLX 2.3 0 (Qd1-b1) (=3)} Qc7 {[%emt 0:01:08] BESTDEEP} 19. Nf5 {[%emt 0:02:12] CPLX 2.7 0 (Qd1-d2) (=3)} Bf6 {[%emt 0:00:09] ...b5 is the strong threat. EASY} 20. Bxf6 {[%emt 0:00:03] CPLX 3.5 28 (e3-e4) (=5)} N7xf6 {[%emt 0:00:46] RECAPT} 21. Nd4 {[%emt 0:00:48] RELBLUND 59 (Nf5-d6) (=10)} (21. Nfd6 $11 {remains equal.}) 21... b5 {[%emt 0:00:05] CPLX 2.7 20 (e6-e5) (=2)} 22. Nd2 {[%emt 0:00:31] CPLX 2.9} Nc3 {[%emt 0:00:22] CPLX 2.4} 23. Qc1 {[%emt 0:01:28] CPLX 3.0 3 (Qd1-a1) (=9)} Rc8 {[%emt 0:01:28] And now ...e5 would win. CPLX 2.8 11 (Bb7xf3) (=2)} 24. Bxb7 {[%emt 0:00:50] CPLX 2.9} Qxb7 {[%emt 0:00:01] RECAPT} 25. Qb2 {[%emt 0:00:01] CPLX 2.3} e5 {[%emt 0:00:01][%cal Be6e5,Be5e4][%mdl 32] CPLX 2.4 13 (Rc8-c7) (=3)} 26. N4f3 {[%emt 0:00:01] CPLX 2.6} Qd5 {[%emt 0:00:54] CPLX 2.3 8 (Qb7-c7) (=3)} 27. Nc4 $2 {[%emt 0:00:52] [#] Loses the game. RELBLUND 223 (h2-h3) (=19)} Qd3 $1 $19 {[%emt 0:02:04] DEEPSTRONG=>BLUNDERREACT} ({Worse is} 27... bxc4 28. Qxc3 Ne4 29. bxc4 $11) 28. Ncd2 {[%emt 0:00:49] CPLX 2.9 98 (Rf1-e1) (=23)} ({Don't go for} 28. Nfxe5 $2 Ne2+ 29. Kh1 {[#]} Ng3+ $1 30. hxg3 Qxf1+ 31. Kh2 Ne4 $19) (28. Re1 $142 bxc4 29. Nxe5) 28... Ne2+ {[%emt 0:02:44] CPLX 2.6 170 (Nf6-g4) (=11)} (28... Ng4 $142 {Threatens to win with ...Ne2+.} 29. Ne1 Qe2) 29. Kh1 {[%emt 0:00:03] LEGAL} e4 {[%emt 0:00:01] CPLX 2.3} 30. Ng5 {[%emt 0:00:29] RELBLUND 400 (Nf3-e1) (=40)} (30. Ne1 Qc3 31. Qxc3 Rxc3 32. g3) 30... Rc2 {[%emt 0:01:30] CPLX 2.8 69 (Nf6-g4) (=13)} 31. Qe5 {[%emt 0:00:53] Intending Qb8+ and mate. CPLX 3.3} Rxd2 {[%emt 0:00:01] Weighted Error Value: White=0.53/Black=0.16 (very precise)} 0-1